 Dungeon Crawl Stone Soup version 0.29-a0-892-g2c4c91d9db (webtiles) character file.

Game seed: 2297579439429461026

47 BritishOli the Slasher (level 3, -2/28 HPs)
             Began as a Demonspawn Gladiator on July 22, 2022.
             Killed from afar by a white imp (11 damage)
             ... with a puff of frost
             ... summoned by Natasha
             ... on level 2 of the Dungeon.
             The game lasted 00:00:54 (1186 turns).

BritishOli the Slasher (Demonspawn Gladiator)       Turns: 1186, Time: 00:00:54

Health: -2/28      AC:  8    Str: 16    XL:     3   Next: 48%
Magic:  3/3        EV: 12    Int:  9    God:
Gold:   77         SH:  0    Dex: 14    Spells: 2/2 levels left

rFire   . . .      SeeInvis +   a - +0 long sword
rCold   . . .      Faith    .   (no shield)
rNeg    . . .      Spirit   .   b - +0 leather armour
rPois   .          Reflect  .   c - +0 helmet
rElec   .          Harm     .   (no cloak)
rCorr   .          Rampage  .   (no gloves)
Will    .....                   (no boots)
Stlth   +.........              (no amulet)
HPRegen 0.09/turn               k - ring of see invisible
MPRegen 0.08/turn               g - +4 ring of protection

@: slowed, very slow
A: ignite blood 1, demonic magic 1
a: no special abilities


You were on level 2 of the Dungeon.
You visited 1 branch of the dungeon, and saw 2 of its levels.

You collected 77 gold pieces.

Inventory:

Hand Weapons
 a - a +0 long sword (weapon)
Missiles
 d - 3 throwing nets (quivered)
 e - 9 javelins
Armour
 b - a +0 leather armour (worn)
 c - a +0 helmet (worn)
Jewellery
 g - a +4 ring of protection (right hand)
 k - a ring of see invisible (left hand)
Scrolls
 f - 4 scrolls of identify {unknown}
 i - a scroll of amnesia {unknown}
 m - a scroll of vulnerability {unknown}
 o - a scroll of enchant armour {unknown}
 p - a scroll of teleportation {unknown}
Potions
 h - a potion of haste {unknown}
 j - a potion of curing {unknown}
 l - a potion of heal wounds {unknown}
 n - a potion of magic {unknown}


   Skills:
 + Level 2.5 Fighting
 + Level 3.1 Long Blades
 + Level 2.3 Throwing
 + Level 3.1 Dodging


You had 2 spell levels left.
You didn't know any spells.
Your spell library contained the following spells:

 Spells                   Type           Power      Damage    Failure   Level
 Blade Hands              Tmut           0%         N/A       100%        5
 Irradiate                Conj/Tmut      0%         3d11      100%        5
 Dragon Form              Tmut           0%         N/A       100%        7


Dungeon Overview and Level Annotations

Branches:
Dungeon (2/15)

Altars:

Annotations:
D:2 Natasha


Innate Abilities, Weirdness & Mutations

Your demonic aura sometimes causes spilled blood to erupt in flames.
Spells you cast may paralyse adjacent enemies.


Message History

There are monsters nearby!
There are monsters nearby!
You hit the hobgoblin but do no damage.
Natasha casts a spell.
The hobgoblin hits you with a +0 dagger.
There are monsters nearby!
You hit the hobgoblin.
You kill the hobgoblin!
Natasha casts a spell.
The white imp spits at you.
There are monsters nearby!
There are monsters nearby!
You hit Natasha.
Natasha is moderately wounded.
Natasha mumbles some strange words.
The iron imp hits you.
There are monsters nearby!
You hit Natasha.
Natasha is heavily wounded.
Natasha casts a spell at you.
You feel yourself slow down. The white imp closely misses you.
The iron imp closely misses you.
There are monsters nearby!
You miss Natasha.
Natasha is heavily wounded.
Natasha claws you. The white imp barely misses you. The white imp misses you.
Natasha barely misses you. The white imp misses you.
The iron imp closely misses you. The white imp closely misses you.
There are monsters nearby!
There are monsters nearby!
You miss Natasha.
Natasha is heavily wounded.
Natasha misses you. The white imp gestures at you. The puff of frost hits you!
The white imp hits you but does no damage.
The iron imp barely misses you. Natasha misses you.
The white imp gestures at you. The puff of frost hits you!
You die...

#######....# ........#
#....# .......# ##..##
#......# ##.## #......#
#####..## #......
#........ #####.)..#
#........ #......h5#
#........ #.....5@.#
#........ .......5.#
#........
........)#######........
..####...)..............
. ###########........
######.#. #.## #.## #.##


You could see an iron imp (summoned), Natasha and 2 white imps.

Vanquished Creatures
  Natasha (D:2)
  2 endoplasms (D:1)
  A giant cockroach (D:2)
  A goblin (D:1)
  4 hobgoblins
  5 ball pythons
  3 frilled lizards (D:2)
  4 kobolds
  3 rats
24 creatures vanquished.

Notes
Turn   | Place    | Note
-------+----------+-------------------------------------------
     0 | D:1      | BritishOli the Demonspawn Gladiator began the quest for the
                  | Orb.
     0 | D:1      | Reached XP level 1. HP: 16/16 MP: 1/1
   126 | D:1      | Found a faded altar of an unknown god.
   306 | D:1      | Gained mutation: Your demonic aura sometimes causes spilled
                  | blood to erupt in flames. [demonic ancestry]
   306 | D:1      | Reached XP level 2. HP: 19/22 MP: 2/2
  1090 | D:2      | Noticed Natasha
  1094 | D:2      | Killed Natasha
  1095 | D:2      | Gained mutation: Spells you cast may paralyse adjacent
                  | enemies. [demonic ancestry]
  1095 | D:2      | Reached XP level 3. HP: 27/28 MP: 3/3
  1178 | D:2      | Noticed Natasha
  1186 | D:2      | Killed from afar by a white imp

Illustrated notes

Levels and vault maps discovered:
D:1:      onia_arrival_pyramid, layout_loops_ring, ebering_ecumenical_altar_mist
D:2:      minmay_diamond_boxcup, layout_basic, uniq_natasha

Skill      XL: |  1  2 |
---------------+-------+-----
Throwing       | 2 |  2.3
Long Blades    | 3 |  3.1
Dodging        | 3 |  3.1
Fighting       | |  2.5

Action                   || total
-------------------------++-------
Melee: Long sword        ||    66
       Punch             ||     1
 Stab: Sleeping          ||     1
Armor: Leather armour    ||    26
Dodge: Dodged            ||    45

Table legend: (Time is in decaauts)
 A = Elapsed time spent in this place.
 B = Non-inter-level travel time spent in this place.
 C = Inter-level travel time spent in this place.
 D = Time resting spent in this place.
 E = Time spent auto-exploring this place.
 F = Levels seen in this place.
 G = Mean time per level.
                   A        B        C        D        E       F      G
               +--------+--------+--------+--------+--------+-----+--------+
         Total |   1201 |   1176 |     25 |    183 |    819 |   2 |  600.5 |
       Dungeon |   1201 |   1176 |     25 |    183 |    819 |   2 |  600.5 |
               +--------+--------+--------+--------+--------+-----+--------+

Top non-repeatable levels by time:
     D:1: 852 daAuts
     D:2: 348 daAuts
